 Dungeon Crawl Stone Soup version 0.27-a0-543-gd81048afd2 (webtiles) character file.

Game seed: 16533545418505725724

450 Astera the Covert (level 6, 0/30 HPs)
             Began as a Spriggan Brigand on Mar 7, 2021.
             Slain by Prince Ribbit (9 damage)
             ... on level 6 of the Dungeon.
             The game lasted 00:33:00 (7681 turns).

Astera the Covert (Spriggan Brigand)                Turns: 7681, Time: 00:33:01

Health: 0/30       AC:  3    Str:  1 (7)  XL:     6   Next: 74%
Magic:  7/7        EV: 16    Int:  6 (13) God:
Gold:   252        SH:  0    Dex: 10 (18) Spells: 5/5 levels left

rFire    . . .     SeeInvis +   a - +2 dagger
rCold    . . .     Faith    .   (shield restricted)
rNeg     . . .     Spirit   .   n - +0 robe
rPois    .         Reflect  .   (helmet restricted)
rElec    .         Harm     .   c - +0 cloak
rCorr    .         Rampage  .   (gloves unavailable)
Will     +....                  (boots unavailable)
Stlth    ++++......             (no amulet)
HPRegen  0.10/turn              (no ring)
MPRegen  0.10/turn              (no ring)

@: slow
A: very small, unfitting armour, see invisible, speed 3
a: no special abilities


You were on level 6 of the Dungeon.
You visited 1 branch of the dungeon, and saw 6 of its levels.

You collected 252 gold pieces.

Inventory:

Hand Weapons
 a - a +2 dagger (weapon)
 b - a +3 hunting sling of freezing
Missiles
 d - 30 poisoned darts (quivered)
 e - 2 curare-tipped darts
 m - 8 atropa-tipped darts
 o - 165 stones
 w - 15 sling bullets
 A - 6 javelins
Armour
 c - a +0 cloak (worn)
 n - a +0 robe (worn)
Jewellery
 B - a ring of magical power
Wands
 y - a wand of iceblast (4)
Scrolls
 f - 3 scrolls of teleportation
 g - 4 scrolls of fear
 h - 9 scrolls of identify
 i - 2 scrolls of enchant weapon
 j - 4 scrolls of magic mapping
 p - a scroll of amnesia {unknown}
 r - a scroll of blinking {unknown}
 s - a scroll of random uselessness {unknown}
Potions
 k - a potion of curing
 l - 2 potions of flight
 q - a potion of might
 t - a potion of magic
 u - a potion of lignification {unknown}
 v - a potion of haste {unknown}
 x - 5 potions of brilliance {unknown}
 z - a potion of invisibility {unknown}


   Skills:
 - Level 1.5 Fighting
 * Level 4.3 Short Blades
 + Level 2.6(3.1) Slings
 - Level 2.0(2.4) Throwing
 + Level 2.7 Dodging
 * Level 10.1 Stealth


You had 5 spell levels left.
You didn't know any spells.
Your spell library contained the following spells:

 Spells                   Type           Power      Damage    Failure   Level
 Corona                   Hex            0%         N/A       45%         1
 Ensorcelled Hibernation  Hex/Ice        0%         N/A       58%         2
 Confusing Touch          Hex            0%         N/A       83%         3
 Dazzling Flash           Conj/Hex       0%         N/A       83%         3
 Tukima's Dance           Hex            0%         N/A       83%         3


Dungeon Overview and Level Annotations

Branches:
Dungeon (6/15)
 Temple: D:4-7

Altars:
Ashenzari
Cheibriados
Fedhas
Sif Muna
Trog
Uskayaw
Yredelemnul

Annotations:
D:3 Sigmund
D:6 Prince Ribbit


Innate Abilities, Weirdness & Mutations

You are very small and have problems with some larger weapons.
You are too small for most types of armour.
You have supernaturally acute eyesight. (SInv)
You cover ground extremely quickly. (Speed+++)


Message History

The bullfrog skeleton misses you.
You hit the bullfrog skeleton.
The bullfrog skeleton is heavily damaged.
The bullfrog skeleton barely misses you.
You hit the bullfrog skeleton but do no damage.
The bullfrog skeleton is heavily damaged.
The bullfrog skeleton completely misses you.
You hit the bullfrog skeleton.
The bullfrog skeleton is heavily damaged.
The bullfrog skeleton hits you.
You barely miss the bullfrog skeleton.
The bullfrog skeleton is heavily damaged.
The bullfrog skeleton hits you.
Prince Ribbit catches a fly with his tongue.
You hit the bullfrog skeleton.
The bullfrog skeleton is severely damaged.
The bullfrog skeleton misses you.
You hit the bullfrog skeleton.
The bullfrog skeleton is almost destroyed.
The bullfrog skeleton misses you.
You hit the bullfrog skeleton.
The bullfrog skeleton is almost destroyed.
The bullfrog skeleton barely misses you.
You hit the bullfrog skeleton.
The bullfrog skeleton is almost destroyed.
The bullfrog skeleton hits you but does no damage.
You hit Prince Ribbit.
Prince Ribbit is lightly wounded.
Prince Ribbit closely misses you.
You miss Prince Ribbit.
Prince Ribbit is lightly wounded.
Prince Ribbit closely misses you.
You hit Prince Ribbit.
Prince Ribbit is lightly wounded.
Prince Ribbit hits you!
* * * LOW HITPOINT WARNING * * *
You closely miss Prince Ribbit.
Prince Ribbit is lightly wounded.
Prince Ribbit hits you!
You die...

###############
######.............#
#..>...............+
#....#.............# #
#....#.............#### #
#....##########.#......##
#.......@FZZ.............
#....##########.##...$. #
#....#### #.# .... #
#.......# #.# #+# #
#....##[# #.# # #.......#
#$# # ###.....#### #.# #
...........# ...# #
..........###..#.## #


You could see Prince Ribbit, a bullfrog skeleton and a centaur skeleton.

Vanquished Creatures
  A bullfrog zombie (D:6)
  A hound (D:4)
  Terence (D:2)
  Jessica (D:3)
  4 worker ants
  An iguana (D:4)
  An orc wizard (D:3)
  6 adders
  A shadow imp (D:5)
  A white imp (D:5)
  2 oozes
  An adder skeleton (D:4)
  3 worms (D:3)
  A dart slug (D:2)
  4 leopard geckos
  7 orcs (D:3)
  4 giant cockroaches
  8 goblins
  8 hobgoblins
  3 jackals (D:6)
  10 kobolds
  A quokka (D:5)
  12 bats
  6 frilled lizards
  A giant cockroach zombie (D:3)
  11 rats
100 creatures vanquished.

Notes
Turn   | Place    | Note
-------+----------+-------------------------------------------
     0 | D:1      | Astera the Spriggan Brigand began the quest for the Orb.
     0 | D:1      | Reached XP level 1. HP: 10/10 MP: 2/2
    45 | D:1      | Reached skill level 6 in Stealth
   254 | D:1      | Reached XP level 2. HP: 14/14 MP: 3/3
   567 | D:1      | Reached skill level 7 in Stealth
   912 | D:1      | Reached XP level 3. HP: 18/18 MP: 4/4
  1149 | D:2      | Noticed Terence
  1742 | D:2      | Reached XP level 4. HP: 22/22 MP: 5/5
  1765 | D:2      | Found a faded altar of an unknown god.
  1773 | D:2      | Became a worshipper of Cheibriados the Contemplative
  1773 | D:2      | Reached * piety under Cheibriados
  2119 | D:2      | Reached skill level 8 in Stealth
  2507 | D:2      | Killed Terence
  2508 | D:2      | Reached skill level 1 in Slings
  2611 | D:3      | Found a basalt altar of Yredelemnul.
  2611 | D:3      | Found a hide-covered altar of Uskayaw.
  2698 | D:3      | Noticed Jessica
  2710 | D:3      | Killed Jessica
  2711 | D:3      | Reached XP level 5. HP: 24/25 MP: 6/6
  2740 | D:3      | Fell from the grace of Cheibriados
  2757 | D:3      | Noticed Sigmund
  2967 | D:3      | Reached skill level 9 in Stealth
  2989 | D:3      | Found a blossoming altar of Fedhas.
  3150 | D:3      | Noticed a moth of wrath
  3924 | D:3      | Found a bloodstained altar of Trog.
  4458 | D:4      | Found a shimmering blue altar of Sif Muna.
  4498 | D:4      | Reached XP level 6. HP: 13/30 MP: 7/7
  5564 | D:5      | Entered Level 5 of the Dungeon
  5881 | D:5      | Noticed an ice beast
  6093 | D:5      | Found a broken altar of Ashenzari.
  6856 | D:5      | Reached skill level 10 in Stealth
  7205 | D:6      | HP: 1/30 [orc wizard/puff of flame (5)]
  7660 | D:6      | Noticed Prince Ribbit
  7681 | D:6      | Slain by Prince Ribbit

Illustrated notes

Levels and vault maps discovered:
D:1:      shiori_shiawase, layout_basic, serial_curves, eino_curves_03,
          eino_curves_02, eino_curves_02, amethyst_killhole, st_stairs_6,
          minmay_pentomino_o4
D:2:      layout_basic, chequers_ecumenical_altar_island, uniq_terence
D:3:      layout_loops_ring, tgw_trog, overflow_temple_1_default,
          gammafunk_temple_overflow_elements, uniq_sigmund, uniq_jessica
D:4:      layout_loops_ring, led_sif_pool, minmay_misc_feat_columns,
          kennysheep_generic_room_6
D:5:      layout_basic, solitary_fountain, fountainhead,
          cheibrodos_ashenzari_chains
D:6:      layout_basic, marbit_many_paths, minmay_temple_entry_antechambers,
          uniq_prince_ribbit1

Skill      XL: |  1  2  3  4  5  6 |
---------------+-------------------+-----
Stealth        | 6 7 8 9 10 | 10.1
Short Blades   | 3 4 |  4.3
Slings         | 1 2 |  2.6
Dodging        | 2 |  2.7
Fighting       | |  1.5
Throwing       | |  2.0

Action                   |  1- 3 |  4- 6 || total
-------------------------+-------+-------++-------
Melee: Dagger            |    78 |   253 ||   331
 Fire: Hunting sling     |    27 |    38 ||    65
Throw: Dart              |       |     4 ||     4
Invok: Renounce Religion |       |     1 ||     1
  Use: Scroll            |       |     9 ||     9
       Potion            |       |     3 ||     3
 Stab: Sleeping          |    10 |    29 ||    39
Armor: Robe              |     7 |    27 ||    34
Dodge: Dodged            |    40 |   161 ||   201

Table legend: (Time is in decaauts)
 A = Elapsed time spent in this place.
 B = Non-inter-level travel time spent in this place.
 C = Inter-level travel time spent in this place.
 D = Time resting spent in this place.
 E = Time spent auto-exploring this place.
 F = Levels seen in this place.
 G = Mean time per level.
                   A        B        C        D        E       F      G
               +--------+--------+--------+--------+--------+-----+--------+
         Total |   7214 |   6917 |    297 |   1713 |   2780 |   6 | 1202.3 |
       Dungeon |   7214 |   6917 |    297 |   1713 |   2780 |   6 | 1202.3 |
               +--------+--------+--------+--------+--------+-----+--------+

Top non-repeatable levels by time:
     D:5: 1639 daAuts
     D:3: 1510 daAuts
     D:2: 1472 daAuts
     D:4: 1330 daAuts
     D:1: 922 daAuts
     D:6: 338 daAuts
